[Event "Late-Titled-Tuesday-Blitz-September-12-2023"]
[Site "Chess.com"]
[Date "2023.09.12"]
[Round "8"]
[White "ilya2700"]
[Black "Atanejhad"]
[Result "0-1"]
[WhiteElo "2290"]
[BlackElo "2457"]
[TimeControl "180+1"]
[EndTime "15:24:16 PDT"]
[Termination "Atanejhad won by checkmate"]

1. c4 b6 2. d4 Nf6 3. Nc3 e6 4.
a3 d5 5. cxd5 exd5 6. Bf4 Bd6 7.
Bxd6 Qxd6 8. e3 O-O 9. Nf3 c5 10.
dxc5 bxc5 11. Be2 Be6 12. O-O Nbd7 13. Rc1 Rfb8 14. b3 h6 15. Rb1 Qc7 16. Nb5 Qa5 17.
a4 a6 18. Na3 Ne4 19. Bd3 Qb4 20. Nc2 Qc3 21. Bxe4 dxe4 22. Nd2 Nf6 23. Qc1 Rd8 24.
Rd1 Bg4 25. f3 exf3 26. Nxf3 Bxf3 27. gxf3 Nd5 28. e4 Nf6 29. Rxd8+ Rxd8 30. Ne3 Qe5 31. Qe1 Rd3 32. Rd1 Qg5+ 33. Kf2 Rxb3 34. Rd8+ Kh7 35. Qd2 Nxe4+ 36. fxe4 Qf4+ 37. Ke2 Qxh2+ 38. Kd1 Qg1+ 39. Kc2 Qxe3 40. Qxe3 Rxe3 41. Rd6 Rxe4 42. Rxa6 h5 43. Ra8 h4 44. a5 h3 45. a6 h2 46. a7 Rc4+ 47. Kb3 h1=Q 48. Rb8 Rb4+ 49. Rxb4 cxb4 50. Kb2 Qa8 51. Kb3 Qxa7 52. Kb2 Qc7 53. Kb3 Qc3+ 54. Ka4 b3 55. Ka3 b2+ 56. Ka4 Qc4+ 57.
Ka3 Qb5 58. Ka2 b1=Q+ 59. Ka3 Q5b4# 0-1

[Event "Late-Titled-Tuesday-Blitz-September-12-2023"]
[Site "Chess.com"]
[Date "2023.09.12"]
[Round "8"]
[White "IngOscarArdila"]
[Black "lluiss"]
[Result "1-0"]
[WhiteElo "2261"]
[BlackElo "2159"]
[TimeControl "180+1"]
[EndTime "15:24:16 PDT"]
[Termination "IngOscarArdila won on time"]

1. d4 Nf6 2. c4 g6 3. Nc3 d5 4.
cxd5 Nxd5 5. e4 Nxc3 6. bxc3 Bg7 7. Bc4 O-O 8. Ne2 c5 9. O-O Nc6 10. Be3 cxd4 11. cxd4 Na5 12. Bd3 Nc6 13. Bc4 Na5 14.
Bd3 Nc6 15. Bc2 b6 16. Rc1 Ba6 17. d5 Na5 18. Bd3 Bxd3 19. Qxd3 Qd7 20. Rfd1 Rac8 21. Bd4 Rxc1 22. Rxc1 Rc8 23. Rxc8+ Qxc8 24. Bxg7 Kxg7 25.
h3 Qc4 26. Qxc4 Nxc4 27. Nd4 a6 28. Kf1 Kf6 29. f3 e6 30. dxe6 fxe6 31. Ke2 e5 32. Nc6 b5 33. Nb4 a5 34. Nd5+ Kg5 35. g3 Nd6 36. h4+ Kh6 37. Kd3 g5 38. hxg5+ Kxg5 39. f4+ exf4 40. gxf4+ Kg4 41. Kd4 h5 42. f5 h4 43. Ke5 Nc4+ 44. Ke6 h3 45. f6 h2 46. f7 h1=Q 47. Nf6+ Kg3 48. f8=Q Qh3+ 49. Ke7 Qg2 50.
Qb8+ Kh4 51. Qf4+ Kh3 52. Qh6+ Kg3 53. Qg5+ Kf2 54. Qf4+ Kg1 55. e5 Qb7+ 56. Nd7 Qd5 57. e6 1-0

[Event "Late-Titled-Tuesday-Blitz-September-12-2023"]
[Site "Chess.com"]
[Date "2023.09.12"]
[Round "8"]
[White "Chessdude1987"]
[Black "Alphafischer2019"]
[Result "0-1"]
[WhiteElo "2440"]
[BlackElo "2566"]
[TimeControl "180+1"]
[EndTime "15:24:20 PDT"]
[Termination "Alphafischer2019 won on time"]

1. e4 c5 2. Nf3 Nc6 3. Bb5 g6 4. Bxc6 dxc6 5. h3 Bg7 6. Qe2 e5 7. d3 f6 8. Nc3 Nh6 9. Be3 b6 10. Qd2 Nf7 11. h4 Bg4 12. Nh2 Be6 13. h5 Qd7 14.
Nf1 Bg4 15. f3 Be6 16. h6 Bf8 17. O-O-O O-O-O 18. Kb1 g5 19. g4 Bxh6 20. Ng3 Bf8 21. Nh5 Qe7 22. b3 Nd6 23. a4 a5 24. Rh2 Kc7 25.
Rdh1 h6 26. Nd1 Rg8 27. Nb2 c4 28. Qf2 c5 29. dxc4 Nc8 30. Ng3 Na7 31. c3 Nc6 32. Qc2 Rd7 33. Rd1 Bg7 34. Rhd2 Rxd2 35. Rxd2 Rd8 36.
Rxd8 Qxd8 37. Bf2 Bf8 38. Nf1 Qe8 39. Ng3 Bd6 40. Nd1 Ne7 41. Ne3 Ng6 42. Nd5+ Bxd5 43. cxd5 Nf4 44. Nf5 h5 45. Be3 hxg4 46. fxg4 Qh8 47.
Bxf4 exf4 48. Qe2 Qh1+ 49. Ka2 f3 50. Qb5 Qh2+ 51. Ka3 f2 52. Qc6+ Kd8 53. Nxd6 f1=Q 54. Qc8+ Ke7 55. Qe6+ Kd8 56. Nf7+ Kc7 57. Qd6+ Qxd6 0-1

[Event "Late-Titled-Tuesday-Blitz-September-12-2023"]
[Site "Chess.com"]
[Date "2023.09.12"]
[Round "8"]
[White "petr577"]
[Black "Mariia89"]
[Result "1-0"]
[WhiteElo "2326"]
[BlackElo "2028"]
[TimeControl "180+1"]
[EndTime "15:24:20 PDT"]
[Termination "petr577 won on time"]

1. d4 Nf6 2. Bg5 c5 3. d5 Ne4 4. Bc1 d6 5. f3 Qa5+ 6. c3 Nf6 7. e4 g6 8. Be3 Bg7 9. Nd2 Nbd7 10. a4 Ne5 11. h3 Nh5 12. Kf2 Bf6 13. g3 Qb6 14. f4 Qxb2 15. fxe5 Bxe5 16. Ne2 f5 17. Qc1 Qxc1 18. Rxc1 fxe4 19. Nxe4 Bd7 20. g4 O-O+ 21.
Kg2 Ng7 22. a5 e6 23. c4 exd5 24. cxd5 Be8 25. Rb1 Rb8 26. N2g3 Bf7 27. Bc4 b6 28. axb6 axb6 29. Rhf1 b5 30. Rxb5 Rxb5 31. Bxb5 Bxd5 32. Rxf8+ Kxf8 33. Kf2 Ke7 34. Bg5+ Kf8 35. Bh6 Kg8 36. Ke3 Ne6 37. Ne2 Nd4 38. Nxd4 Bxd4+ 39. Kd3 Be5 40. Bc4 Bxc4+ 41. Kxc4 Kf7 42. Kd5 Ke7 43. Bg5+ Kd7 44. Bf6 Bh2 45. Bc3 Kc7 46. Be1 h5 47. g5 Bf4 48. Bg3 Bxg3 49. Nxg3 1-0

[Event "Late-Titled-Tuesday-Blitz-September-12-2023"]
[Site "Chess.com"]
[Date "2023.09.12"]
[Round "8"]
[White "sergiochess83"]
[Black "HansOnTwitch"]
[Result "1/2-1/2"]
[WhiteElo "2923"]
[BlackElo "3076"]
[TimeControl "180+1"]
[EndTime "15:24:21 PDT"]
[Termination "Game drawn by repetition"]

1. d4 Nf6 2. c4 g6 3. Nc3 Bg7 4. e4 d6 5. Be2 O-O 6. Be3 Nc6 7. d5 Ne5 8. h3 e6 9. Nf3 Nxf3+ 10.
Bxf3 Re8 11. O-O Nd7 12. Qd2 a5 13. Rfe1 Nc5 14. Bg5 Qd7 15. Rad1 e5 16. Be3 b6 17. b3 f5 18. exf5 gxf5 19. Bh5 Rf8 20. f4 e4 21.
Be2 Qf7 22. Nb5 Kh8 23. Kh1 Rg8 24. Bf1 Bf6 25. Bd4 Rg7 26. Re3 Ba6 27. Qc3 Rf8 28. Bxf6 Qxf6 29. Qxf6 Rxf6 30. Nd4 Bc8 31. Kh2 h5 32. h4 Kh7 33. g3 Bd7 34. a3 Rf8 35. Kg2 Ra8 36. Kf2 Kg6 37. Be2 Ra7 38. Rc1 Rg8 39.
Rec3 Rga8 40. Re3 Nb7 41. Rcc3 Nd8 42. Rc1 Nf7 43. Rd1 Nh6 44. Rc3 Ng8 45. Nc2 Nf6 46. Ne3 Rb8 47. Rdc1 Rab7 48. R3c2 Ra7 49. Rd2 b5 50. c5 Be8 51. c6 Bf7 52. Rd4 Rb6 53. Rc2 Ra8 54. Rc1 Ng8 55. Rc2 Ne7 56. Rc1 Rg8 57. Rc2 Kf6 58. Rc1 Rg7 59. Rc2 Rb8 60. Rc1 Rb6 61. Rc2 Bg6 62. Rc1 Be8 63. Rc2 Bf7 64. Rc3 Rb8 65. Rc1 Rbg8 66. Rg1 Rb8 67. Rc1 1/2-1/2

[Event "Late-Titled-Tuesday-Blitz-September-12-2023"]
[Site "Chess.com"]
[Date "2023.09.12"]
[Round "8"]
[White "m_ezat"]
[Black "Ducke13"]
[Result "1-0"]
[WhiteElo "2666"]
[BlackElo "2506"]
[TimeControl "180+1"]
[EndTime "15:24:21 PDT"]
[Termination "m_ezat won by checkmate"]

1. d4 Nf6 2. c4 g6 3. Nc3 d5 4.
Bf4 Bg7 5. e3 O-O 6. Rc1 a6 7. Nf3 c6 8. h3 Nbd7 9. cxd5 cxd5 10.
Bd3 e6 11. O-O Nh5 12. Bh2 f5 13. Na4 Nhf6 14. Bd6 Re8 15. Qc2 Ne4 16. Bh2 b5 17. Nc3 Ndf6 18. Ne5 Bb7 19. f3 Nd6 20. a4 b4 21. Ne2 Rc8 22. Qd2 a5 23. Nf4 Qe7 24. b3 Bh6 25. Rfe1 Kg7 26. Bg3 g5 27. Ne2 Nh5 28.
Bh2 Rf8 29. Rc5 f4 30. Ng4 Rxc5 31. dxc5 Nf5 32. Bxf5 Rxf5 33. Nd4 Rf8 34. exf4 Nxf4 35. Bxf4 Rxf4 36. Nxe6+ Kg8 37. Nxf4 Qxc5+ 38. Kh1 gxf4 39. Qd3 Bg7 40. Qf5 Qd6 41. Re8+ Bf8 42. Nf6+ Kg7 43. Qg5+ Kf7 44. Qg8+ Kxf6 45. Rxf8+ Ke5 46. Qg7+ Ke6 47.
Rf6+ Ke5 48. Rxd6+ Kxd6 49. Qf6+ Kc5 50. Qxf4 Bc6 51.
Qe5 h6 52. f4 Kb6 53. Qd4+ Kc7 54. f5 Kd7 55. g4 h5 56. gxh5 Ke7 57. h6 Kf7 58.
Qg7+ Ke8 59. h7 Kd8 60. h8=Q+ Be8 61. f6 d4 62. Qe7+ Kc8 63. Qhxe8# 1-0

[Event "Late-Titled-Tuesday-Blitz-September-12-2023"]
[Site "Chess.com"]
[Date "2023.09.12"]
[Round "8"]
[White "GarayevKanan"]
[Black "BrandonJacobson"]
[Result "0-1"]
[WhiteElo "2721"]
[BlackElo "3039"]
[TimeControl "180+1"]
[EndTime "15:24:22 PDT"]
[Termination "BrandonJacobson won by resignation"]

1. d4 Nf6 2. c4 g6 3. g3 Bg7 4. Bg2 O-O 5. Nc3 d6 6. Nf3 Nbd7 7. O-O e5 8. e4 exd4 9. Nxd4 Re8 10. Re1 Nc5 11.
Qc2 c6 12. h3 Be6 13. b3 Nfxe4 14. Nxe6 Rxe6 15. Bb2 Nxc3 16. Bxc3 Bxc3 17. Qxc3 Qf6 18.
Qxf6 Rxf6 19. Rad1 a5 20. Re3 Kf8 21. a3 Re8 22. Rxe8+ Kxe8 23. b4 axb4 24. axb4 Na4 25. Ra1 Nb6 26. b5 Nxc4 27. bxc6 bxc6 28. Bxc6+ Kf8 29.
Ra8+ Kg7 30. Ra7 Ne5 31. Bd5 g5 32. Kg2 Nd3 33. f3 Nb4 34. Bc4 d5 35. Bf1 Nc6 36.
Ra3 d4 37. Bb5 Ne5 38. Kf2 h5 39. Ke2 h4 40. gxh4 gxh4 41. Ba6 Ng6 42. Bc8 Nf4+ 43. Kf2 Rc6 44. Bf5 Rc5 45. Bd7 Rc2+ 46. Ke1 d3 47. Ba4 Ng2+ 48. Kf1 Ne3+ 49. Kg1 Rg2+ 50. Kh1 Rd2 51.
Bb5 Rd1+ 52. Kh2 d2 53. Ba4 Re1 54. Rd3 Re2+ 55. Kg1 Nf5 56. Rd5 Kf6 57. Bc2 Ne3 58. Rd6+ Ke7 59. Bd3 Re1+ 60. Kf2 Kxd6 0-1

[Event "Late-Titled-Tuesday-Blitz-September-12-2023"]
[Site "Chess.com"]
[Date "2023.09.12"]
[Round "8"]
[White "Piotrek1979"]
[Black "Good_Knight_Kiss"]
[Result "0-1"]
[WhiteElo "2452"]
[BlackElo "2352"]
[TimeControl "180+1"]
[EndTime "15:24:22 PDT"]
[Termination "Good_Knight_Kiss won by resignation"]

1. Nf3 Nf6 2. g3 g6 3. Bg2 Bg7 4. O-O d6 5. d3 O-O 6. e4 c5 7. c3 c4 8. Re1 cxd3 9. Qxd3 Nbd7 10. Nbd2 Nc5 11. Qc2 Qc7 12. a4 Bd7 13. Nd4 a6 14. a5 Ne6 15. N2b3 Nxd4 16. Nxd4 Bc6 17. Nxc6 bxc6 18. Be3 Nd7 19. f4 Rfb8 20. Re2 Rb5 21. e5 dxe5 22. f5 Rab8 23. fxg6 hxg6 24. Ra2 Rxa5 25. Rxa5 Qxa5 26. Bxc6 Nf6 27. Kg2 Nd5 28. Bc1 Rc8 29. Bxd5 Qxd5+ 30. Qe4 Qxe4+ 31. Rxe4 f5 32. Rb4 Rc6 33. Rb7 Kf7 34. h4 e4 35. Be3 Be5 36. Kf2 Rd6 37. Ra7 Rd3 38. Rxa6 Bxg3+ 39. Ke2 Bxh4 40.
c4 Bf6 41. c5 Bxb2 42. Rb6 Be5 43. c6 Rc3 44. Bg5 Rc4 45. Bd2 Bd6 46. Be3 Ke6 47.
Ra6 Kd5 48. c7 Rxc7 49. Ra2 Ke6 50. Kd1 Rb7 51. Ra4 Rc7 52. Ke2 f4 53. Kd1 fxe3 54.
Rxe4+ Kf5 55. Rxe3 Rd7 56. Rf3+ Bf4+ 57. Ke2 e5 58.
Rb3 g5 59. Rb7 Rxb7 0-1

[Event "Late-Titled-Tuesday-Blitz-September-12-2023"]
[Site "Chess.com"]
[Date "2023.09.12"]
[Round "8"]
[White "dropstoneDP"]
[Black "seramoral"]
[Result "1/2-1/2"]
[WhiteElo "3022"]
[BlackElo "2671"]
[TimeControl "180+1"]
[EndTime "15:24:24 PDT"]
[Termination "Game drawn - insufficient material"]

1. e4 e5 2. Nf3 Nf6 3. d4 Nxe4 4. dxe5 d5 5. Nbd2 Nxd2 6. Bxd2 Be7 7. Bd3 c5 8. c3 Nc6 9. O-O Bg4 10. Re1 O-O 11.
h3 Bh5 12. Bf5 Bg6 13. Qc2 Bxf5 14. Qxf5 Qc8 15. Qh5 Qe6 16. Bg5 h6 17. Bxe7 Qxe7 18. Rad1 Rad8 19. Nh4 Qe6 20. Nf5 Rfe8 21. Rd3 Qg6 22.
Nxg7 Qxh5 23. Nxh5 Rxe5 24. Rxe5 Nxe5 25. Rxd5 Rxd5 26.
Nf6+ Kg7 27. Nxd5 Nd3 28. b4 Kg6 29. Kf1 Kf5 30. a3 Ke5 31. Ne3 f5 32. Ke2 Nf4+ 33. Kd2 cxb4 34. axb4 b6 35. b5 Ne6 36. g4 fxg4 37.
Nxg4+ Kd5 38. Nxh6 Kc5 39. h4 Kxb5 40. Nf7 a5 41. h5 a4 42. h6 Nf8 43. Ng5 Ng6 44.
h7 Nh8 45. f4 Kc5 46. f5 Kd6 47. f6 b5 48. Kc2 Ng6 49. Kb2 Kd7 50. Ka3 Kd6 51.
Kb4 Kd7 52. Nf7 Ke6 53. Ne5 Nh8 54. f7 Ke7 55. c4 bxc4 56. Kxa4 Kf8 57. Kb4 Kg7 58.
Kxc4 Nxf7 59. Nxf7 Kxh7 1/2-1/2

[Event "Late-Titled-Tuesday-Blitz-September-12-2023"]
[Site "Chess.com"]
[Date "2023.09.12"]
[Round "8"]
[White "Beca95"]
[Black "dretch"]
[Result "1-0"]
[WhiteElo "2961"]
[BlackElo "2859"]
[TimeControl "180+1"]
[EndTime "15:24:30 PDT"]
[Termination "Beca95 won by resignation"]

1. c4 c6 2. Nf3 d5 3. e3 Bg4 4. Nc3 e6 5. h3 Bxf3 6. Qxf3 Nd7 7. d4 Ngf6 8. g4 Bb4 9. Bd3 e5 10. cxd5 Nxd5 11. Bd2 exd4 12. exd4 Qe7+ 13. Kf1 O-O 14. Re1 Qf6 15. Qxf6 N7xf6 16. g5 Nh5 17. h4 Rad8 18. Re4 f5 19. Re5 Ndf4 20. Bc4+ Kh8 21. Be3 Ng6 22. Re6 f4 23. Bc1 Rxd4 24. Bb3 f3 25.
Be3 Rdd8 26. Re4 Ba5 27. Rh3 Bb6 28. Bc1 Bc7 29. Bd1 Nhf4 30. Rxf3 Nd3 31. Rxf8+ Rxf8 32.
Be3 Bb6 33. Bxb6 axb6 34. f3 Nxb2 35. Be2 Nf4 36. Rd4 Rb8 37. Rd7 Ng6 38. h5 Ne5 39. Re7 Nec4 40. f4 Kg8 41. Re4 Nd6 42. Rd4 Nf5 43. Rd2 Ne3+ 44. Kf2 Nbc4 45. Rd4 b5 46. Re4 Nf5 47. Bxc4+ bxc4 48. Rxc4 Kf7 49. Rc5 Nd6 50. Re5 Ra8 51. Re2 Ra3 52. Ne4 Nxe4+ 53. Rxe4 Rxa2+ 54. Kf3 b5 55. Re5 Rc2 56. Rf5+ Ke7 57.
Re5+ Kd6 58. Rf5 b4 59. Rf7 b3 60. Rxg7 b2 61. Rb7 c5 62. g6 hxg6 63. hxg6 Kc6 64.
Rb8 Kc7 65. g7 Kxb8 66. g8=Q+ Kc7 67. Qh7+ Kc6 68. Qxc2 1-0

[Event "Late-Titled-Tuesday-Blitz-September-12-2023"]
[Site "Chess.com"]
[Date "2023.09.12"]
[Round "8"]
[White "platy3"]
[Black "Rutricks"]
[Result "0-1"]
[WhiteElo "2877"]
[BlackElo "2706"]
[TimeControl "180+1"]
[EndTime "15:24:30 PDT"]
[Termination "Rutricks won on time"]

1. e4 g6 2. d4 Bg7 3. Nf3 c6 4. h3 d5 5. Nc3 dxe4 6. Nxe4 Nf6 7.
Nxf6+ exf6 8. Bc4 O-O 9. O-O a5 10. a4 Na6 11. Bf4 Nb4 12. c3 Nd5 13. Bh2 Be6 14. Qb3 Qd7 15. Nd2 Rfe8 16. Rfe1 Bf5 17. Bf1 Be6 18. Qc2 Bf5 19. Bd3 Bxd3 20. Qxd3 Bf8 21.
Ne4 Kg7 22. Re2 f5 23. Nd2 Rxe2 24. Qxe2 Re8 25. Qd3 Bd6 26. Bxd6 Qxd6 27. Nc4 Qc7 28. Ne5 f6 29. Nc4 Nf4 30. Qf3 Nd5 31. g3 h5 32.
h4 f4 33. g4 hxg4 34. Qxg4 b6 35. Kg2 Qe7 36. Rd1 Qe2 37. Qxe2 Rxe2 38. Rd2 Re1 39.
Kf3 Kf7 40. Re2 Rxe2 41. Kxe2 Ke6 42. Kf3 Kf5 43. Nd2 g5 44. hxg5 fxg5 45. Ke2 g4 46.
Kd3 g3 47. Ke2 Kg4 48. Kf1 f3 49. fxg3 Kxg3 50. Nc4 b5 51. axb5 cxb5 52. Nd2 Ne3+ 53.
Ke1 Kg2 54. Ne4 Ng4 55. d5 f2+ 56. Nxf2 Nxf2 57. d6 Nd3+ 58. Kd2 Ne5 59. b3 Kf3 60. c4 b4 0-1

[Event "Late-Titled-Tuesday-Blitz-September-12-2023"]
[Site "Chess.com"]
[Date "2023.09.12"]
[Round "8"]
[White "wild3000"]
[Black "ZuraTqebuchava"]
[Result "0-1"]
[WhiteElo "2411"]
[BlackElo "2281"]
[TimeControl "180+1"]
[EndTime "15:24:32 PDT"]
[Termination "ZuraTqebuchava won by checkmate"]

1. d4 d5 2. c3 e6 3. g3 Nf6 4.
Bg2 Be7 5. Nd2 O-O 6. Ngf3 b6 7. O-O a5 8. Ne5 Nfd7 9. e4 Nxe5 10. dxe5 d4 11. cxd4 Qxd4 12. Nf3 Qxd1 13. Rxd1 Bb7 14. Nd4 Na6 15. Nb5 Bc6 16. a4 Bxb5 17. axb5 Nc5 18. Be3 Rfd8 19. f4 Nb3 20. Rab1 Bc5 21. Kf2 Bxe3+ 22. Kxe3 Nc5 23. Bf1 Kf8 24. Bc4 Ke7 25.
f5 Rxd1 26. Rxd1 Rd8 27. f6+ gxf6 28. exf6+ Ke8 29. Rf1 Nd7 30. Rf4 Ne5 31. Be2 Kf8 32.
Rh4 Kg8 33. Rh5 Ng6 34. Rg5 a4 35. h4 h6 36. Rh5 a3 37. bxa3 Ra8 38. g4 Rxa3+ 39. Bd3 Rxd3+ 40. Kxd3 Nf4+ 41. Kd4 Nxh5 42. gxh5 Kf8 43. e5 Ke8 44. Kc4 Kd7 45. Kb4 c6 46. Kc4 cxb5+ 47. Kxb5 Kc7 48. Kb4 Kc6 49. Kc4 b5+ 50.
Kb4 Kb6 51. Kb3 Kc5 52. Kc3 Kd5 53. Kb4 Kxe5 54. Kxb5 Kxf6 55. Kc4 Ke5 56. Kd3 f5 57. Ke3 Kf6 58. Kf4 e5+ 59. Kf3 Ke6 60. Ke3 Kd5 61. Kd3 e4+ 62. Ke3 Ke5 63. Kf2 f4 64. Kg2 Kf5 65.
Kh3 e3 66. Kh2 Ke4 67. Kg2 f3+ 68. Kg3 e2 69. Kf2 Kf4 70. Kg1 e1=Q+ 71. Kh2 Qe2+ 72. Kh3 Qg2# 0-1

[Event "Late-Titled-Tuesday-Blitz-September-12-2023"]
[Site "Chess.com"]
[Date "2023.09.12"]
[Round "8"]
[White "Maksimus1998"]
[Black "MarcoRiehle"]
[Result "1/2-1/2"]
[WhiteElo "2581"]
[BlackElo "2779"]
[TimeControl "180+1"]
[EndTime "15:24:35 PDT"]
[Termination "Game drawn - insufficient material"]

1. d4 d5 2. Nf3 e6 3. e3 Nf6 4.
Bd3 c5 5. b3 Nbd7 6. O-O b6 7.
Bb2 Bb7 8. Nbd2 Be7 9. Ne5 Nxe5 10. dxe5 Nd7 11. f4 O-O 12. c4 f6 13. exf6 Bxf6 14. Qh5 h6 15. Bxf6 Qxf6 16. Rad1 Rad8 17. Nf3 Bc6 18. Ne5 Nxe5 19. fxe5 Qg5 20. Qxg5 hxg5 21.
Be2 Rxf1+ 22. Kxf1 Kf7 23. Bf3 Ke7 24. Ke2 a6 25.
Kf2 b5 26. Kg3 Rd7 27. Rc1 Rc7 28. cxd5 Bxd5 29. Kg4 Bxf3+ 30. gxf3 c4 31. Kxg5 Rc5 32. bxc4 Rxe5+ 33. Kf4 Rc5 34. Ke4 bxc4 35. Kd4 Ra5 36. Rc2 Ra4 37. h3 Kd6 38. Rxc4 Rxa2 39. Rc8 a5 40.
Rg8 Rg2 41. Ra8 Rg3 42. f4 Rxh3 43. Rxa5 Rg3 44. e4 Rb3 45. Ra7 Rb4+ 46. Kd3 Rb3+ 47.
Kc4 Rf3 48. Ra6+ Ke7 49. Kd4 Kf6 50. f5 Rf1 51. Rxe6+ Kf7 52. Ra6 Rb1 53. Ke5 Rb5+ 54. Kf4 Rb4 55. Re6 Ra4 56. Kg5 Rb4 57. e5 Rb1 58.
Rc6 Rg1+ 59. Kf4 Rf1+ 60. Ke4 Re1+ 61. Kd5 Rd1+ 62. Kc5 Rc1+ 63. Kd6 Rd1+ 64. Kc7 Rf1 65. Kd7 Rd1+ 66. Rd6 Re1 67. e6+ Kf6 68. e7+ Kf7 69. Re6 Rd1+ 70. Kc6 Ke8 71. Kc5 Rd7 72. f6 gxf6 73.
Rxf6 Rxe7 74. Rd6 Rd7 75. Rxd7 Kxd7 1/2-1/2

[Event "Late-Titled-Tuesday-Blitz-September-12-2023"]
[Site "Chess.com"]
[Date "2023.09.12"]
[Round "8"]
[White "carloseduar100"]
[Black "Flaccidmoves"]
[Result "0-1"]
[WhiteElo "2288"]
[BlackElo "2449"]
[TimeControl "180+1"]
[EndTime "15:24:35 PDT"]
[Termination "Flaccidmoves won on time"]

1. e4 d6 2. Nf3 Nf6 3. Nc3 g6 4.
Bc4 Bg7 5. O-O O-O 6. Re1 c5 7. Nd5 Nc6 8. c3 e6 9. Nxf6+ Bxf6 10.
d4 d5 11. exd5 exd5 12. Bb5 cxd4 13. Bxc6 bxc6 14. Nxd4 c5 15. Nf3 Rb8 16. h3 Bf5 17. Qa4 Qb6 18. Bf4 Rbc8 19. Qb3 Rfe8 20. Qxb6 axb6 21.
a3 d4 22. cxd4 cxd4 23. Be5 Bxe5 24. Rxe5 Rxe5 25. Nxe5 Re8 26. f4 f6 27. Nc6 d3 28.
Rd1 Re2 29. Nb4 Rxb2 30. Nxd3 Rb3 31. Nf2 Rxa3 32. g4 Bc2 33. Rd6 b5 34. Rb6 Rb3 35. Rxf6 b4 36. Rb6 Rb1+ 37. Kh2 b3 38. h4 b2 39. h5 gxh5 40. gxh5 Rf1 41. Rxb2 Rxf2+ 42. Kg3 Rd2 43. Kh4 Re2 44. Kg5 Rg2+ 45. Kf6 Kh8 46. f5 Be4 47. Rxg2 Bxg2 48. h6 Kg8 49. Ke7 Bd5 50. Kd6 Bf7 51. Ke7 Bb3 52. Ke8 Bc2 53. f6 Bg6+ 54. Ke7 Bf7 55. Kd6 Kf8 56. Ke5 Bg8 0-1

[Event "Late-Titled-Tuesday-Blitz-September-12-2023"]
[Site "Chess.com"]
[Date "2023.09.12"]
[Round "8"]
[White "stasOR4ik"]
[Black "The_Princess_Moon"]
[Result "0-1"]
[WhiteElo "2421"]
[BlackElo "2296"]
[TimeControl "180+1"]
[EndTime "15:24:38 PDT"]
[Termination "The_Princess_Moon won by resignation"]

1. e4 c5 2. c3 d5 3. exd5 Qxd5 4. d4 Nf6 5. Nf3 Bg4 6. Be2 e6 7. Bf4 Nbd7 8. Na3 a6 9. Nc2 cxd4 10. cxd4 Qe4 11. Be3 Rc8 12. Rc1 Be7 13. O-O O-O 14. Ng5 Bxe2 15. Qxe2 Qf5 16. Nf3 Nd5 17. Rfd1 Nxe3 18.
Nxe3 Qa5 19. b3 Nf6 20. Ne5 Ba3 21. Rxc8 Rxc8 22. N3c4 Qb4 23. g4 b5 24. Nxa3 Qxa3 25.
g5 Nd5 26. Qf3 Qe7 27. h4 Rc3 28. Rd3 Rxd3 29. Qxd3 f6 30. Nf3 Qc7 31. Qe4 Kf7 32. Qxh7 Qc1+ 33. Kg2 Nf4+ 34. Kh2 Qf1 35. g6+ Nxg6 36.
Kg3 Qd3 37. h5 Ne5 38. Qxd3 Nxd3 39. Nd2 Nc1 40. Kf3 Nxa2 41. Ke4 Nc3+ 42. Kd3 Nd5 43. f3 f5 44. Kc2 g6 45. hxg6+ Kxg6 46. Nf1 Kg5 47. Kd3 Kf4 48. Ke2 Nc3+ 49. Kf2 b4 50. Ne3 Nd5 51. Nc4 Nc3 52. Nd6 Nb5 53. Nxb5 axb5 54.
Ke2 Kg5 55. Ke3 Kg6 56. f4 Kf6 57. Kf3 Ke7 58. Ke3 Kd6 59. Kd2 Kc6 60. Ke2 Kd5 61. Kd2 Ke4 62. d5 exd5 63. Ke2 d4 64. Kd2 d3 65.
Kc1 Kd4 66. Kd2 Ke4 67. Kd1 Kxf4 68. Kd2 Ke4 69. Kd1 f4 70. Kd2 f3 71. Ke1 Ke3 72. Kd1 f2 73. Kc1 f1=Q+ 74. Kb2 Qe2+ 75. Ka1 Qd1+ 76. Kb2 Qc2+ 0-1

[Event "Late-Titled-Tuesday-Blitz-September-12-2023"]
[Site "Chess.com"]
[Date "2023.09.12"]
[Round "8"]
[White "santosalberto1987"]
[Black "KNVB"]
[Result "0-1"]
[WhiteElo "2536"]
[BlackElo "2759"]
[TimeControl "180+1"]
[EndTime "15:24:39 PDT"]
[Termination "KNVB won by resignation"]

1. e4 c5 2. Nf3 e6 3. g3 Nc6 4.
Bg2 a6 5. O-O Qc7 6. c3 Nf6 7.
Re1 e5 8. d4 d6 9. dxe5 dxe5 10. Bg5 Be7 11. Bxf6 Bxf6 12. a4 Be6 13. Na3 c4 14. Nc2 Rd8 15. Qe2 O-O 16. Red1 g6 17.
Ne3 Ne7 18. Ne1 Qc5 19. N1c2 Bg5 20. h4 Bh6 21. h5 Kg7 22. Ng4 Bg5 23. Nge3 b6 24.
Rxd8 Rxd8 25. Rd1 Rxd1+ 26. Qxd1 Qc6 27. Nb4 Qb7 28. Ned5 a5 29. Nxe7 axb4 30. Nd5 b3 31.
hxg6 hxg6 32. f4 Be7 33. Nxe7 Qxe7 34. fxe5 Qc5+ 35. Kh2 Qxe5 36. Qd2 Qh5+ 37. Kg1 Qe5 38. Kh2 Qa5 39. Qd4+ Kg8 40. Qd8+ Kh7 41. Qh4+ Kg7 42.
Qd8 Qxa4 43. Qxb6 Qa2 44. Qd4+ Kg8 45. Qd8+ Kh7 46. Qd2 Qb1 47. Bf3 Qc2 48. Qe2 Qc1 49. Kg2 Kg7 50. Kf2 g5 51. Bg4 Bxg4 52. Qxg4 Qxb2+ 53. Kg1 Qc1+ 54. Kg2 b2 55. Qf5 Qd2+ 56. Kh3 b1=Q 57.
Qe5+ Kg8 58. Qe8+ Kg7 59. Qe5+ Kf8 60. Qh8+ Ke7 61. Qe5+ Kd7 62. Qf5+ Ke8 63. Qe5+ Kd8 64. Qf6+ Kc8 65. Qf5+ Qd7 0-1

[Event "Late-Titled-Tuesday-Blitz-September-12-2023"]
[Site "Chess.com"]
[Date "2023.09.12"]
[Round "8"]
[White "OYAcosta"]
[Black "S-Fazulyanov"]
[Result "1-0"]
[WhiteElo "2243"]
[BlackElo "2457"]
[TimeControl "180+1"]
[EndTime "15:24:39 PDT"]
[Termination "OYAcosta won by resignation"]

1. d4 d5 2. Bf4 Nf6 3. Nf3 e6 4. e3 Bd6 5. Bg3 b6 6. Nbd2 Bb7 7. Bd3 Ne4 8. O-O O-O 9. c3 c5 10. Qb1 f5 11. Bxd6 Qxd6 12. Bxe4 fxe4 13. Ne5 Nc6 14.
f4 exf3 15. Ndxf3 Ne7 16. Ng5 g6 17. Qd3 Rf5 18. Rxf5 exf5 19. Rf1 Rf8 20. Qb5 h6 21. Ngf3 g5 22. a4 a6 23. dxc5 Qxc5 24. Qxc5 bxc5 25.
Nd7 Rc8 26. Nfe5 Rc7 27. a5 Kg7 28. Rd1 Bc8 29. Nb6 Be6 30. Nd3 c4 31. Nb4 Rc5 32. Ra1 Nc6 33. Nxc6 Rxc6 34. Kf2 Kf6 35. Ke2 Ke5 36.
Kd2 Rc5 37. Ra4 Rb5 38. Ra2 f4 39. exf4+ Kxf4 40. Ke2 Bg4+ 41. Kf2 Bf5 42. g3+ Kg4 43.
Ke2 Bb1 44. Ra1 Rxb2+ 45. Ke3 Rxh2 46. Rxb1 Kxg3 47. Nxd5 h5 48. Kd4 h4 49. Rg1+ Kf2 50. Rxg5 Rh1 51. Rh5 h3 52. Kxc4 h2 53. Nf4 Kg3 54.
Ne2+ Kf3 55. Nd4+ Kg2 56. Rg5+ Kh3 57. Rh5+ Kg4 58. Rh8 Kg3 59. Nf5+ Kf4 60. Nd4 Kg3 61.
Kc5 Rc1 62. Ne2+ Kg2 63. Nxc1 h1=R 64. Rxh1 1-0

[Event "Late-Titled-Tuesday-Blitz-September-12-2023"]
[Site "Chess.com"]
[Date "2023.09.12"]
[Round "8"]
[White "cassoulet"]
[Black "Njal28"]
[Result "0-1"]
[WhiteElo "2793"]
[BlackElo "3105"]
[TimeControl "180+1"]
[EndTime "15:24:40 PDT"]
[Termination "Njal28 won by resignation"]

1. d4 Nf6 2. Bg5 Ne4 3. Bf4 c5 4. Nd2 Nxd2 5. Qxd2 cxd4 6. Qxd4 Nc6 7. Qd2 e5 8. Bg3 d5 9. e3 Qb6 10. c3 Bf5 11.
Nf3 f6 12. Be2 Be7 13. O-O Rd8 14. Nh4 Be6 15. Kh1 O-O 16. f4 e4 17. f5 Bf7 18.
Bf4 Ne5 19. b3 Rc8 20. Rac1 Rfd8 21. g4 h6 22. Ng2 Bd6 23. Ne1 Qc7 24. Bg3 Ba3 25.
Rc2 a6 26. Ng2 b5 27. Nf4 Bd6 28. Rd1 Qc6 29. Qe1 Bb8 30. Qf2 Ba7 31. h4 Qc5 32.
Rd4 Nc6 33. g5 fxg5 34. hxg5 Nxd4 35. exd4 Qb6 36. g6 Be8 37. Ne6 Bb8 38. Bxb8 Rxb8 39.
Qf4 Qd6 40. Qe5 Rd7 41. Bg4 Rb6 42. Nc5 Re7 43. Qh2 Qxh2+ 44. Kxh2 Rf6 45. Kg3 h5 46. Bh3 e3 47. Re2 a5 48. b4 axb4 49. cxb4 Kf8 50. Ne6+ Rexe6 51. fxe6 Rxg6+ 52. Kf4 Rf6+ 53. Ke5 Ke7 54.
Rxe3 g5 55. Kxd5 g4 56. Bg2 h4 57. Kc5 h3 58. Bxh3 gxh3 59. d5 Rh6 60. d6+ Kd8 61.
d7 Bxd7 62. exd7 h2 63. Re1 h1=Q 64. Rxh1 Rxh1 65. Kxb5 Kxd7 66. a4 Kc7 67. Ka6 Kb8 68. b5 Ka8 69. b6 Rh6 70. a5 Rg6 71. Kb5 Rg5+ 72. Ka6 Rh5 73. b7+ Kb8 74. Kb6 Rh6+ 75. Kb5 Kxb7 76. a6+ Rxa6 0-1